 Dungeon Crawl Stone Soup version 0.28.0-47-ge53b351184 (webtiles) character file.

Game seed: 4279032578792448437

21852 Gabide the Thaumaturge (level 12, -5/96 HPs)
             Began as a Mummy Necromancer on Apr 29, 2022.
             Was a High Priest of Sif Muna.
             Slain by an efreet
             ... wielding a +0 scimitar of flaming
              (7 damage)
             ... on level 12 of the Dungeon.
             The game lasted 01:22:29 (25222 turns).

Gabide the Thaumaturge (Mummy Necromancer)         Turns: 25222, Time: 01:22:29

Health: -5/96      AC: 17    Str: 12    XL:     12   Next: 57%
Magic:  4/27       EV: 18    Int: 26    God:    Sif Muna [*****.]
Gold:   907        SH:  5    Dex: 12    Spells: 9/34 levels left

rFire   . . .      SeeInvis .   n - +6 quarterstaff of Joemu {speed, Int+7}
rCold   + . .      Faith    .   (shield currently unavailable)
rNeg    + + +      Spirit   .   o - +3 leather armour {rF+}
rPois   ∞          Reflect  +   j - +0 helmet
rElec   .          Harm     .   a - +1 cloak of Starlight {*Dazzle EV+4 Stlth--}
rCorr   .          Rampage  .   t - +0 pair of gloves
Will    +....                   c - +2 pair of boots
Stlth   +.........              y - amulet of reflection
HPRegen 0.26/turn               d - ring of wizardry
MPRegen 0.20/turn               m - +4 ring of protection

@: no status effects
A: cold resistance 1, negative energy resistance 3, torment resistance 2, heat
vulnerability 1, no potions
a: Renounce Religion, Channel Magic, Forget Spell, Divine Exegesis


You were on level 12 of the Dungeon.
You worshipped Sif Muna.
Sif Muna was extremely pleased with you.
You visited 1 branch of the dungeon, and saw 13 of its levels.

You collected 907 gold pieces.

Inventory:

Hand Weapons
 f - a +8 flail of protection
 h - a +1 short sword of distortion
 n - the +6 quarterstaff of Joemu (weapon) {speed, Int+7}
   (You found it on level 5 of the Dungeon)

   Attacks with this weapon are significantly faster.
   Int:       It affects your intelligence (+7).
Missiles
 g - 9 boomerangs
Armour
 a - the +1 cloak of Starlight (worn) {*Dazzle EV+4 Stlth--}
   (You acquired it on level 8 of the Dungeon)

   It may blind those who miss an attack against the wearer in melee combat.
   EV:        It affects your evasion (+4).
   Stlth:     It makes you much less stealthy.
 b - a +0 cloak
 c - a +2 pair of boots (worn)
 j - a +0 helmet (worn)
 o - a +3 leather armour of fire resistance (worn)
 t - a +0 pair of gloves (worn)
Jewellery
 d - a ring of wizardry (left hand)
 m - a +4 ring of protection (right hand)
 y - an amulet of reflection (around neck)
Wands
 e - a wand of flame (4)
 p - a wand of mindburst (2)
 v - a wand of polymorph (9)
Scrolls
 i - 2 scrolls of identify
 k - 3 scrolls of amnesia
 l - a scroll of enchant weapon
 q - a scroll of fog
 r - 3 scrolls of vulnerability
 s - 3 scrolls of immolation
 u - 3 scrolls of magic mapping
 w - a scroll of noise
Miscellaneous
 z - a phantom mirror (inert)


   Skills:
 * Level 9.4 Fighting
 - Level 0.6(3.0) Maces & Flails
 + Level 4.7 Staves
 - Level 2.4 Armour
 * Level 8.2 Dodging
 + Level 6.2 Stealth
 * Level 11.6 Spellcasting
 * Level 10.4 Necromancy
 + Level 2.5 Invocations


You had 9 spell levels left.
You knew the following spells:

 Your Spells              Type           Power      Damage    Failure   Level
a - Pain                  Necr           100%       1d9       1%          1
b - Vampiric Draining     Necr           62%        2d10      1%          3
c - Animate Dead          Necr           31%        N/A       1%          4
d - Agony                 Necr           62%        N/A       1%          5
e - Dispel Undead         Necr           62%        3d22      1%          4
f - Death Channel         Necr           31%        N/A       4%          6
g - Corpse Rot            Necr/Air       84%        N/A       1%          2

Your spell library contained the following spells:

 Spells                   Type           Power      Damage    Failure   Level
 Animate Skeleton         Necr           100%       N/A       1%          1
 Confusing Touch          Hex            15%        N/A       6%          3
 Dazzling Flash           Conj/Hex       30%        N/A       6%          3
 Frozen Ramparts          Ice            30%        1d5       6%          3
 Iskenderun's Mystic Bla  Conj/Tloc      15%        2d5       21%         4
 Summon Ice Beast         Ice/Summ       15%        N/A       21%         4
 Yara's Violent Unravell  Hex/Tmut       7%         3d5       45%         5
 Starburst                Conj/Fire      7%         6d4       95%         6
 Enfeeble                 Hex            7%         N/A       100%        7
 Ice Form                 Ice/Tmut       Unusable   N/A       N/A         4

Dungeon Overview and Level Annotations

Branches:
Dungeon (13/15)            Temple (0/1) D:5            Lair (0/6) D:9
    Orc (0/2) D:12
 Vaults: D:13-14

Altars:
Dithmenos
Sif Muna

Shops:
D:4 [   D:5 [   D:11 !   D:12 *

Annotations:
D:7 3 runed translucent doors, jaiteiro's ghost, novice SpEE


Innate Abilities, Weirdness & Mutations

You are immune to poison.
Your flesh is cold resistant. (rC+)
You are immune to negative energy. (rN+++)
You are immune to unholy pain and torment.
You are vulnerable to heat. (rF-)
You do not drink.


Message History

Unknown command.
Unknown command.
Unknown command.
Unknown command.
Casting: Vampiric Draining (safe; 1% risk of failure)
Confirm with . or Enter, or press ? or * to list all spells.
You can't see any susceptible monsters within range! (Use Z to cast anyway.) Unknown command.
Unknown command.
You catch the helpless efreet completely off-guard!
You hit the efreet but do no damage. The efreet barely misses you.
The efreet is blinded by the light from your cloak!
You hit the efreet but do no damage. You block the efreet's attack.
You strike the helpless efreet from behind!
You hit the efreet.
The efreet is lightly wounded.
Press: ? - help, v - describe, . - travel
Here: an efreet, wielding a +0 scimitar of flaming (lightly wounded, blind)
The floor.
Unknown command.
Unknown command.
Aiming: Polymorph
Press: ? - help, Shift-Dir - straight line, f - efreet
Aim: an efreet, wielding a +0 scimitar of flaming (lightly wounded, blind, will become a smoke demon, a hellwing, or a ynoxinul, chance to affect: 49%)
Okay, then.
Unknown command.
Unknown command.
Aiming: Mindburst
Press: ? - help, Shift-Dir - straight line, f - efreet
Aim: an efreet, wielding a +0 scimitar of flaming (lightly wounded, blind, chance to affect: 64%)
The efreet struggles to resist.
You block the efreet's attack.
You hit the efreet but do no damage.
The efreet is lightly wounded.
You block the efreet's attack.
You barely miss the efreet.
The efreet is lightly wounded.
The efreet hits you with a +0 scimitar of flaming!
* * * LOW HITPOINT WARNING * * *
The efreet burns you!
You die...

...#..........## ####
###...
...#.........##
###..# ###.
...##......###
##....# ##..
....#....###
###.....# ##...
....##..## ##.......#
##.... ....#####
##........# ##.....
.....# ##.........#
##...... ....>##
##....R.)...#
##....... ......#
##......@...##
##........
......###...........#
#.........
......##...........##
##.........
#..................#
#..........
#.................##
#.........#
#................##
#.........#
#.......#.......##
#.........#
#.......##.....##
#.....)....
#........#....##
#....)<)..#


You could see an efreet (blind).

Vanquished Creatures
  A boulder beetle (D:12)
  A hydra (D:11)
  A centaur warrior (D:13)
  Erica (D:9)
  A catoblepas (D:12)
  A tengu warrior (D:12)
  5 two-headed ogres
  A death knight (D:12)
  Sonja (D:11)
  A skeletal warrior (D:12)
  A phantasmal warrior (D:12)
  An ugly thing (D:12)
  4 cyclopes
  2 manticores
  3 kobold demonologists
  A freezing wraith (D:12)
  2 trolls
  Grinder (D:4)
  4 slime creatures (D:12)
  A shadow (D:11)
  4 wraiths
  4 yaks
  8 vampire mosquitoes
  Edmund (D:3)
  Menkaure (D:5)
  2 acid dragons (D:12)
  A water moccasin (D:7)
  3 ice beasts
  A sky beast (D:5)
  6 orc warriors
  An ogre (D:6)
  4 centaurs
  2 phantoms
  4 kobold brigands
  A bullfrog (D:8)
  A gnoll sergeant (D:6)
  2 water moccasin zombies
  A wyvern skeleton (D:7)
  5 killer bees
  7 wights
  5 electric eels (D:10)
  A crimson imp (D:7)
  3 centaur zombies
  A jelly (D:6)
  4 orc priests
  2 hounds (D:5)
  A bullfrog skeleton (D:5)
  2 centaur skeletons
  3 gnoll shamans
  Natasha (thrice) (D:2)
  An iguana (D:6)
  16 orc wizards
  A scorpion zombie (D:5)
  A killer bee zombie (D:7)
  Robin (D:4)
  16 gnolls
  4 adders
  3 white imps
  An ufetubus (D:3)
  2 worms
  2 dart slugs
  25 orcs
  7 bats
  7 endoplasms
  4 giant cockroaches
  19 goblins
  13 hobgoblins
  8 quokkas
  11 ball pythons
  5 frilled lizards
  5 kobolds
  5 rats
275 creatures vanquished.

Vanquished Creatures (collateral kills)
  Psyche (D:11)
  3 yaks (D:10)
  A bullfrog (D:9)
  4 killer bees (D:10)
  An orc priest (D:8)
  3 gnolls (D:6)
  4 orcs
17 creatures vanquished.

Vanquished Creatures (others)
  An orc wizard (D:10)
  A bush (D:9)
  A fungus (D:2)
3 creatures vanquished.

Grand Total: 295 creatures vanquished

Notes
Turn   | Place    | Note
-------+----------+-------------------------------------------
     0 | D:1      | Gabide the Mummy Necromancer began the quest for the Orb.
     0 | D:1      | Reached XP level 1. HP: 13/13 MP: 4/4
   238 | D:1      | Reached XP level 2. HP: 20/20 MP: 1/5
   429 | D:1      | Reached skill level 3 in Spellcasting
   801 | D:1      | Reached skill level 1 in Fighting
   935 | D:1      | Found a faded altar of an unknown god.
   942 | D:1      | Prayed at the altar of an unknown god.
   942 | D:1      | Became a worshipper of Sif Muna the Loreminder
   942 | D:1      | Reached * piety under Sif Muna
  1061 | D:1      | Reached XP level 3. HP: 26/26 MP: 5/7
  1850 | D:2      | Learned a level 3 spell: Vampiric Draining
  2153 | D:2      | Reached XP level 4. HP: 32/32 MP: 6/9
  2366 | D:2      | Noticed Natasha
  2369 | D:2      | Killed Natasha
  2369 | D:2      | Reached ** piety under Sif Muna
  3211 | D:2      | Noticed Natasha
  3218 | D:2      | Killed Natasha
  3219 | D:2      | Reached XP level 5. HP: 38/38 MP: 2/10
  3379 | D:2      | Noticed Natasha
  3384 | D:2      | Killed Natasha
  3648 | D:3      | Learned a level 4 spell: Animate Dead
  4157 | D:4      | Noticed Edmund
  4159 | D:4      | Reached skill level 4 in Spellcasting
  4440 | D:4      | HP: 1/38 [orc priest/divine providence (12)]
  4871 | D:4      | Found a shadowy altar of Dithmenos.
  4891 | D:4      | Noticed Grinder
  5061 | D:4      | Noticed Robin
  5905 | D:4      | Reached skill level 5 in Necromancy
  6188 | D:4      | Killed Robin
  6189 | D:4      | Reached XP level 6. HP: 46/46 MP: 6/12
  6292 | D:4      | Paralysed by Grinder for 2 turns
  6762 | D:3      | Killed Edmund
  7063 | D:4      | Killed Grinder
  7064 | D:4      | Reached skill level 5 in Spellcasting
  7064 | D:4      | Reached XP level 7. HP: 43/52 MP: 12/14
  7070 | D:4      | Learned a level 5 spell: Agony
  7284 | D:4      | Found Benzaiten's Dragon-Slaying Spoils.
  7715 | D:5      | Entered Level 5 of the Dungeon
  8234 | D:5      | Noticed Menkaure
  8239 | D:5      | Killed Menkaure
  8265 | D:5      | Reached XP level 8. HP: 60/60 MP: 1/16
  8574 | D:5      | Identified the +6 quarterstaff of Joemu {speed, Int+7}
  8664 | D:5      | Reached skill level 6 in Spellcasting
  9341 | D:5      | Found a staircase to the Ecumenical Temple.
  9488 | D:5      | Found Vaip's Armour Shoppe.
  9582 | D:6      | Reached skill level 1 in Staves
  9646 | D:6      | Reached *** piety under Sif Muna
  9878 | D:6      | Reached skill level 5 in Fighting
 10200 | D:6      | Reached skill level 7 in Spellcasting
 10200 | D:6      | Reached XP level 9. HP: 66/68 MP: 17/19
 11481 | D:7      | Reached skill level 5 in Dodging
 11979 | D:7      | Found a runed translucent gate.
 11979 | D:7      | Found a runed translucent gate.
 11979 | D:7      | Found a runed translucent gate.
 11980 | D:7      | Noticed jaiteiro's ghost (novice SpEE)
 12394 | D:7      | Reached **** piety under Sif Muna
 14200 | D:8      | Reached skill level 8 in Spellcasting
 14943 | D:8      | Noticed a two-headed ogre
 14956 | D:8      | Killed a two-headed ogre
 14957 | D:8      | Reached XP level 10. HP: 62/77 MP: 1/22
 15318 | D:8      | Identified a scroll of acquirement
 15319 | D:8      | Acquired the +1 cloak of Starlight {*Dazzle EV+4 Stlth--}
 15319 | D:8      | Found the +1 cloak of Starlight {*Dazzle EV+4 Stlth--}
 15398 | D:9      | Found a staircase to the Lair.
 15454 | D:9      | Learned a level 4 spell: Dispel Undead
 15461 | D:9      | Learned a level 6 spell: Death Channel
 16043 | D:9      | Noticed a two-headed ogre
 16051 | D:9      | Killed a two-headed ogre
 16052 | D:9      | Reached skill level 1 in Armour
 16175 | D:9      | Noticed Erica
 16189 | D:9      | Killed Erica
 16684 | D:10     | Entered Level 10 of the Dungeon
 16732 | D:10     | Reached skill level 9 in Spellcasting
 16890 | D:10     | Found a shimmering blue altar of Sif Muna.
 17191 | D:10     | Noticed a two-headed ogre
 17200 | D:10     | Killed a two-headed ogre
 17487 | D:10     | Reached skill level 5 in Stealth
 17956 | D:10     | Reached XP level 11. HP: 84/84 MP: 19/24
 18494 | D:11     | Noticed a six-headed hydra
 18522 | D:11     | Killed a six-headed hydra
 18757 | D:11     | Noticed a two-headed ogre
 18766 | D:11     | Killed a two-headed ogre
 18961 | D:11     | Noticed a two-headed ogre
 18961 | D:11     | Noticed Psyche
 18975 | D:11     | Killed a two-headed ogre
 18976 | D:11     | Reached skill level 10 in Spellcasting
 18989 | D:11     | Killed Psyche
 19470 | D:11     | Found Leplyv's Distillery.
 19740 | D:12     | Found a staircase to the Orcish Mines.
 19938 | D:12     | Noticed a skeletal warrior
 19943 | D:12     | Killed a skeletal warrior
 19985 | D:12     | Noticed a death knight
 19985 | D:12     | Noticed a phantasmal warrior
 19987 | D:12     | Killed a phantasmal warrior
 20010 | D:12     | Killed a death knight
 20787 | D:12     | Learned a level 2 spell: Corpse Rot
 20809 | D:12     | Reached skill level 1 in Invocations
 21299 | D:12     | Noticed Sonja
 21331 | D:12     | HP: 4/87 [barbs]
 21940 | D:11     | Killed Sonja
 21941 | D:11     | Reached XP level 12. HP: 56/94 MP: 16/26
 22446 | D:12     | Reached skill level 11 in Spellcasting
 22575 | D:12     | Found Vaurheor's General Store.
 22839 | D:12     | Reached skill level 10 in Necromancy
 23500 | D:12     | Reached ***** piety under Sif Muna
 24248 | D:13     | Noticed a centaur warrior
 24256 | D:13     | Killed a centaur warrior
 24454 | D:13     | Noticed a tengu warrior
 24458 | D:13     | Noticed a catoblepas
 24758 | D:13     | Noticed a boulder beetle
 24773 | D:12     | Killed a catoblepas
 25024 | D:12     | Killed a boulder beetle
 25216 | D:12     | Killed a tengu warrior
 25222 | D:12     | HP: 2/96 [efreet/+0 scimitar of flaming (17)]
 25222 | D:12     | Slain by an efreet

Illustrated notes

Levels and vault maps discovered:
D:1:      erik_arrival_blinker_ship, layout_loops_ring,
          dilly_ecumenical_altar_fadedgnrine, serial_bayou_ford_a, st_stairs_9
D:2:      minmay_chambers_of_ones, layout_loops_cross, minmay_tripent,
          uniq_crazy_yiuf_cottage, uniq_natasha
D:3:      layout_rooms, chequers_serial_rivers_marsh
D:4:      layout_cave_pools, nicolae_dithmenos_shadow_blocks,
          nicolae_shop_dragon_depot, chequers_arboretum, uniq_robin,
          uniq_grinder, uniq_edmund
D:5:      layout_loops_corners, temple_hall, serial_shops,
          nicolae_lakefront_shop, grunt_decor_arrowhead, uniq_menkaure
D:6:      layout_basic
D:7:      layout_basic, enter_bailey_3, gammafunk_ghost_necromancy,
          minivault_19, minmay_fire_ice_demons
D:8:      layout_loops_cross
D:9:      layout_irregular_city, dpeg_oklobed_lair, kb_lookout_dungeons_type,
          uniq_erica
D:10:     layout_basic, kennysheep_orc_sif_temple
D:11:     layout_rooms, serial_aquarium, aquarium_bridge_straight
          [aquarium_subvault_bridge, aquarium_subvault_balcony,
          aquarium_subvault_bridge, aquarium_subvault_window],
          aquarium_bridge_straight [aquarium_subvault_bridge,
          aquarium_subvault_wall, aquarium_subvault_bridge,
          aquarium_subvault_wall], aquarium_window_corner,
          aquarium_window_corridor_1, aquarium_window_2, aquarium_window_1,
          aquarium_view_2d, aquarium_pool_side, serial_shops,
          nicolae_lakefront_shop, uniq_psyche
D:12:     layout_cave_pods, orc_0_dummy, serial_shops, kennysheep_little_box,
          uniq_sonja
D:13:     layout_basic, skrybe_vaults_entry_preservation, serial_rivers,
          chequers_serial_rivers_micro_a, chequers_serial_rivers_room_a,
          chequers_serial_rivers_small_a, chequers_serial_rivers_room_a,
          chequers_serial_rivers_room_b, chequers_serial_rivers_small_3,
          serial_shops, shop, kennysheep_small_circle

Skill      XL: |  1  2  3  4  5  6  7  8  9 10 11 12 |
---------------+-------------------------------------+-----
Spellcasting   | 3 4 5 7 8 9 10 11 | 11.6
Fighting       | 1 2 3 4 5 6 7 8 9 |  9.4
Dodging        | 2 3 4 5 6 7 8 |  8.2
Stealth        | 2 3 4 5 6 |  6.2
Necromancy     | 5 6 7 8 9 10 | 10.4
Staves         | 1 2 3 4 |  4.7
Armour         | 2 |  2.4
Invocations    | 1 2 |  2.5
Maces & Flails | |  0.6

Action                   |  1- 3 |  4- 6 |  7- 9 | 10-12 || total
-------------------------+-------+-------+-------+-------++-------
Melee: Unarmed           |    11 |       |       |       ||    11
       Dagger            |       |    19 |       |       ||    19
       Flail             |       |    12 |    18 |     5 ||    35
       Quarterstaff      |       |       |   171 |   127 ||   298
Throw: Boomerang         |       |     1 |       |     1 ||     2
       Throwing net      |       |       |     2 |     2 ||     4
 Cast: Pain              |    82 |   111 |   142 |    35 ||   370
       Vampiric Draining |       |    16 |    65 |    98 ||   179
       Animate Dead      |       |     3 |    10 |     9 ||    22
       Agony             |       |       |     7 |    54 ||    61
       Death Channel     |       |       |       |    12 ||    12
       Dispel Undead     |       |       |       |    27 ||    27
Evoke: Wand              |       |       |       |    12 ||    12
       Phantom mirror    |       |       |       |     1 ||     1
  Use: Scroll            |       |     4 |     5 |    17 ||    26
 Stab: Sleeping          |       |       |     3 |       ||     3
       Distracted        |       |       |     1 |     1 ||     2
       Invisible         |       |       |       |     8 ||     8
Armor: Robe              |     3 |    27 |    72 |       ||   102
       Leather armour    |       |       |     2 |    96 ||    98
Dodge: Dodged            |    14 |    50 |   178 |   258 ||   500
Block: Other             |       |       |       |    73 ||    73
       Reflection        |       |       |       |     4 ||     4
